 Dungeon Crawl Stone Soup version 0.31.0-12-g77e489cdc1 (webtiles) character file.

Game seed: 3522842140578155050

92 Curundu the Trooper (level 4, 0/61 HPs)
             Began as a Minotaur Berserker on Mar 3, 2024.
             Was a Follower of Trog.
             Slain by an orc
             ... wielding a +0 flail
              (8 damage)
             ... on level 3 of the Dungeon.
             The game lasted 00:03:31 (1548 turns).

Curundu the Trooper (Minotaur Berserker)            Turns: 1548, Time: 00:03:31

Health: 0/61       AC:  3    Str: 24    XL:     4   Next: 35%
Magic:  3/3        EV: 12    Int:  4    God:    Trog [*.....]
Gold:   79         SH:  0    Dex:  9    Spells: 3/3 levels left

rFire   . . .        a - +0 hand axe
rCold   . . .        (no shield)
rNeg    . . .        b - +0 animal skin
rPois   .            (helmet restricted)
rElec   .            (no cloak)
rCorr   .            n - +0 pair of gloves
SInv    .            (no boots)
Will    .....        (no amulet) Stlth
                     (no ring)
HPRegen 0.30/turn    (no ring)
MPRegen 0.08/turn

%: no passive effects
@: berserking (expiring), very quick
A: horns 2, retaliatory headbutt
a: Renounce Religion, Berserk


You were on level 3 of the Dungeon.
You worshipped Trog.
Trog was aware of your devotion.
You visited 1 branch of the dungeon, and saw 3 of its levels.

You collected 79 gold pieces.

Inventory:

Hand Weapons
 a - a +0 hand axe (weapon)
Missiles
 g - 4 boomerangs (quivered)
Armour
 b - a +0 animal skin (worn)
 n - a +0 pair of gloves (worn)
Scrolls
 c - 2 scrolls of enchant weapon {unknown}
 f - 2 scrolls of identify {unknown}
 h - a scroll of teleportation {unknown}
 k - a scroll of silence {unknown}
 l - a scroll of immolation {unknown}
 m - a scroll of noise {unknown}
Potions
 d - a potion of enlightenment {unknown}
 e - 2 potions of curing {unknown}
 i - a potion of attraction {unknown}
 j - a potion of degeneration {unknown}


   Skills:
 + Level 4.9 Fighting
 + Level 4.6 Axes
 + Level 2.5 Armour
 + Level 2.8 Dodging
 + Level 0.6 Stealth


You had 3 spell levels left.
You didn't know any spells.
Your spell library was empty.

Dungeon Overview and Level Annotations

Branches:
Dungeon (3/15)

Altars:


Innate Abilities, Weirdness & Mutations

You have a pair of horns on your head.
You reflexively headbutt those who attack you in melee.


Message History

A red film seems to cover your vision as you go berserk!
You feel yourself moving faster!
You feel mighty!
The orc wizard hits you with a +0 dagger.
You completely miss the orc wizard.
The orc wizard is severely wounded.
The orc wizard barely misses you.
You completely miss the orc wizard.
The orc wizard is severely wounded.
The orc wizard hits you with a +0 dagger.
* * * LOW HITPOINT WARNING * * *
You closely miss the orc wizard.
The orc wizard is severely wounded.
The orc wizard hits you but does no damage.
You hit the orc wizard.
You kill the orc wizard!
Trog accepts your kill.
Trog appreciates your killing of a magic user.
The orc priest hits you with a +0 dagger.
* * * LOW HITPOINT WARNING * * *
Things that are here:
a +0 dagger; a +0 robe You closely miss the orc priest.
You headbutt the orc priest!
The orc priest is severely wounded.
The orc priest invokes the aid of Beogh against you.
Beogh smites you!
* * * LOW HITPOINT WARNING * * *
You slash the orc priest!
You kill the orc priest!
Trog accepts your kill.
You have reached level 4!
You feel stronger. The orc barely misses you.
You see here a +0 dagger.
You completely miss the orc. The orc barely misses you.
You slice the orc!!
You feel the power of Trog in you as your rage grows.
You kill the orc!
Trog accepts your kill. The orc hits you with a +0 flail!
You die...

..### #.#.. #.#.#
#.#.## #....####
#........#
########...###.#
#..o@))...?..#.#
#.#######.##.#.#
#.##.#.# #.##.#.#
#.##...##
####)##....####.
#...............
........##....#####
####.#####...##


You could see an orc.

Vanquished Creatures
  An orc priest (D:3)
  An orc wizard (D:3)
  An adder (D:2)
  A ribbon worm (D:2)
  An orc (D:3)
  2 ball pythons (D:2)
  4 bats
  An endoplasm (D:2)
  A giant cockroach (D:2)
  2 goblins (D:2)
  A hobgoblin (D:1)
  5 kobolds
  A quokka (D:1)
  2 frilled lizards (D:2)
  2 rats
26 creatures vanquished.

Notes
Turn   | Place    | Note
-------+----------+-------------------------------------------
     0 | D:1      | Curundu the Minotaur Berserker began the quest for the Orb.
     0 | D:1      | Reached XP level 1. HP: 19/19 MP: 0/0
   491 | D:1      | Reached XP level 2. HP: 26/27 MP: 1/1
  1103 | D:2      | Reached XP level 3. HP: 34/34 MP: 2/2
  1521 | D:3      | Identified the +0 dagger of the Gazing Hummingbird {flame,
                  | rPois rN+ Stlth+}
  1545 | D:3      | Reached XP level 4. HP: 8/41 MP: 3/3
  1548 | D:3      | Slain by an orc

Illustrated notes

Levels and vault maps discovered:
D:1:      nicolae_arrival_somewhat_less_tricky_arrival, layout_loops_cross
D:2:      layout_basic
D:3:      layout_loops_ring, gammafunk_ghost_split

Skill      XL: |  1  2 |
---------------+-------+-----
Fighting       | 4 |  4.9
Axes           | 4 |  4.6
Armour         | |  2.5
Dodging        | |  2.8
Stealth        | |  0.6

Action                     |  1- 3 |  4- 6 || total
---------------------------+-------+-------++-------
  Melee: Hand axe          |    68 |     2 ||    70
         Headbutt          |     7 |       ||     7
         Punch             |     1 |       ||     1
 Invoke: Berserk           |     1 |       ||     1
   Stab: Sleeping          |     1 |       ||     1
 Armour: Animal skin       |    51 |     1 ||    52
  Dodge: Dodged            |    46 |     2 ||    48
